 Dungeon Crawl Stone Soup version 0.21-a0-641-geef9d7f (webtiles) character file.

2604 shenanigans the Skirmisher (level 9, -17/71 HPs)
             Began as a Barachi Skald on Dec 30, 2017.
             Was a Follower of Cheibriados.
             Killed from afar by Menkaure (26 damage)
             ... with an exploding inner flame
             ... hexed by the player character
             ... on level 7 of the Dungeon.
             The game lasted 00:25:57 (8401 turns).

shenanigans the Skirmisher (Barachi Skald)          Turns: 8401, Time: 00:25:58

Health: -17/71     AC: 13    Str: 17    XL:     9   Next: 59%
Magic:  12/12      EV: 14    Int: 21    God:    Cheibriados [*.....]
Gold:   220        SH:  6    Dex: 14    Spells: 8/12 levels left

rFire    . . .     SeeInvis .   i - +1 broad axe
rCold    . . .     Gourm    .   B - +0 buckler
rNeg     + . .     Faith    .   y - +0 ring mail
rPois    .         Spirit   .   (no helmet)
rElec    .         Reflect  .   s - +1 cloak
rCorr    .         Harm     .   (no gloves)
MR       +....                  (no boots)
Stlth    +.........             F - amulet of magic regeneration
HPRegen  0.21/turn              w - ring of positive energy
MPRegen  0.38/turn              o - +5 ring of protection

@: can't hop, very slow
A: +LOS, swims, magic resistance 1, slowness 1, strong 1, MP-powered wands,
sturdy frame 1, strong legs 1
a: Hop, Bend Time, Renounce Religion


You were on level 7 of the Dungeon.
You worshipped Cheibriados.
Cheibriados was aware of your devotion.
You were hungry.

You visited 2 branches of the dungeon, and saw 8 of its levels.

You collected 304 gold pieces.
You spent 84 gold pieces at shops.

Inventory:

Hand Weapons
 a - a +0 hand axe
 e - a +0 flail of protection
 g - a +2 trident of freezing
 i - a +1 broad axe (weapon)
 z - a +0 war axe
Missiles
 C - 4 poisoned tomahawks (quivered)
Armour
 b - a +0 leather armour
 r - a cursed +0 chain mail
 s - a +1 cloak (worn)
 y - a +0 ring mail (worn)
 B - a +0 buckler (worn)
Jewellery
 o - a +5 ring of protection (right hand)
 w - a ring of positive energy (left hand)
 F - an amulet of magic regeneration (around neck)
 J - an uncursed ring of positive energy
Wands
 x - a wand of iceblast (2)
 A - a wand of flame (18)
 E - a wand of random effects (18)
 G - a wand of digging (16)
 H - a wand of disintegration (17)
Scrolls
 h - a scroll of enchant weapon
 l - 5 scrolls of enchant armour
 m - a scroll of immolation
 q - 3 scrolls of amnesia
 t - 7 scrolls of remove curse
 u - a scroll of fog
Potions
 f - 2 potions of brilliance
 v - a potion of berserk rage
Books
 c - a book of Battle

   Spells                             Type                      Level
   a - Infusion                       Charms                       1
   b - Shroud of Golubria             Charms/Translocation         2
   c - Song of Slaying                Charms                       2
   d - Spectral Weapon                Hexes/Charms                 3
   e - Regeneration                   Charms/Necromancy            3
 p - a book of Minor Magic

   Spells                             Type                      Level
   a - Magic Dart                     Conjuration                  1
   b - Blink                          Translocation                2
   c - Call Imp                       Summoning                    2
   d - Slow                           Hexes                        2
   e - Conjure Flame                  Conjuration/Fire             3
   f - Mephitic Cloud                 Conjuration/Poison/Air       3
 D - a book of Misfortune

   Spells                             Type                      Level
   a - Confusing Touch                Hexes                        1
   b - Confuse                        Hexes                        3
   c - Gell's Gravitas                Translocation                3
   d - Petrify                        Transmutation/Earth          4
   e - Metabolic Englaciation         Hexes/Ice                    5
   f - Yara's Violent Unravelling     Hexes/Transmutation          5
Comestibles
 d - 12 rations


   Skills:
 + Level 6.8 Fighting
 + Level 6.0 Axes
 + Level 6.5 Armour
 + Level 6.2 Dodging
 * Level 6.7 Shields
 - Level 2.1 Spellcasting
 - Level 3.2 Charms
 + Level 2.3 Invocations


You had 8 spell levels left.
You knew the following spells:

 Your Spells              Type           Power        Failure   Level  Hunger
a - Infusion              Chrm           ###.         4%          1    #......
b - Conjure Flame         Conj/Fire      #.......     50%         3    ###....


Dungeon Overview and Level Annotations

Branches:
Dungeon (7/15)             Temple (1/1) D:6

Altars:
Ashenzari
Cheibriados
Dithmenos
Elyvilon
Fedhas
Gozag
Hepliaklqana
Kikubaaqudgha
Makhleb
Nemelex Xobeh
Okawaru
Qazlal
Sif Muna
Trog
Uskayaw
Vehumet
Wu Jian
Xom
Yredelemnul
Zin
The Shining One

Shops:
D:4 (

Annotations:
D:6 Blork the orc


Innate Abilities, Weirdness & Mutations

Shadows flee at your approach. (+LOS)
You can swim through water.
You cover ground slowly.
You can hop short distances.
You are resistant to hostile enchantments. (MR+)
Your muscles are strong. (Str +2)
You expend magic power (3 MP) to strengthen your wands.
Your movements are slightly less encumbered by armour. (ER -2)


Message History

* * * LOW HITPOINT WARNING * * *
You slash Menkaure!
Menkaure is heavily damaged.
Menkaure rustles, "From dust you came, to dust you will return."
Menkaure misses you. Menkaure hits you.
* * * LOW HITPOINT WARNING * * *
You slash Menkaure!
Menkaure is almost destroyed.
Menkaure gestures at you while chanting.
You easily resist.
You barely miss Menkaure.
Menkaure is almost destroyed.
Menkaure calls on the powers of darkness!
Your body is wracked with pain!
* * * LOW HITPOINT WARNING * * *
Menkaure closely misses you.
You slash Menkaure!
Menkaure explodes!
The fiery explosion engulfs you!
You die...

##.#...#### #...(.#.##.#
#.........###.#.###.##.#
#..........M.#..# #†##.#
#.........###.### #.##.#
##.#...#### #.#####.##.#
#...# #.......##.# #...#
######..##.#
#.##.##########....##.#
#...(...§§@§§...#.###.#
####....§§§§§##.#.# #.#
##################.##.#.###.#
...........# #.##.......#
##########.# #.##.#.##### #
#.# #.##.#.# # #######.###
#.##.#.# #
#(<(......#####.##.#.#
####.###..............#.#


There were no monsters in sight!

Vanquished Creatures
  A hippogriff (D:7)
  Eustachio (D:6)
  Edmund (D:4)
  A water moccasin (D:6)
  An orc warrior (D:7)
  2 ogres
  A centaur (D:7)
  A big kobold (D:7)
  A bullfrog (D:7)
  2 killer bees (D:7)
  10 wights (D:6)
  5 howler monkeys
  2 crimson imps
  3 hounds
  A jelly (D:5)
  8 orc priests
  2 iguanas
  Jessica (D:3)
  An orc wizard (D:5)
  5 worker ants
  A hound skeleton (D:4)
  11 adders
  An ooze (D:3)
  2 adder skeletons
  5 worms
  2 dart slugs (D:2)
  6 leopard geckos
  23 orcs
  6 giant cockroaches
  10 goblins
  12 hobgoblins
  11 jackals
  2 quokkas
  3 ball pythons
  8 bats
  3 frilled lizards
  A jackal skeleton (D:5)
  11 kobolds
  3 rats
171 creatures vanquished.

Notes
Turn   | Place    | Note
-------+----------+-------------------------------------------
     0 | D:1      | shenanigans the Barachi Skald began the quest for the Orb.
     0 | D:1      | Reached XP level 1. HP: 17/17 MP: 3/3
   310 | D:1      | Reached XP level 2. HP: 17/23 MP: 0/5
   696 | D:2      | Reached XP level 3. HP: 26/29 MP: 2/6
   882 | D:2      | Learned a level 3 spell: Conjure Flame
  1197 | D:2      | Reached XP level 4. HP: 31/35 MP: 0/7
  2129 | D:2      | Reached XP level 5. HP: 39/41 MP: 8/8
  2206 | D:2      | Found a white marble altar of Elyvilon.
  2618 | D:3      | Found an ornate altar of the Wu Jian Council.
  3505 | D:3      | Noticed Jessica
  3511 | D:3      | Killed Jessica
  3511 | D:3      | Reached XP level 6. HP: 45/48 MP: 4/9
  4080 | D:4      | You fall through a shaft!
  4080 | D:5      | Entered Level 5 of the Dungeon
  4085 | D:5      | Gained mutation: Your movements are slightly less encumbered by armour. (ER -2) [potion of mutation]
  4085 | D:5      | Gained mutation: Your muscles are strong. (Str +2) [potion of mutation]
  4085 | D:5      | Gained mutation: You expend magic power (3 MP) to strengthen your wands. [potion of mutation]
  4085 | D:5      | Gained mutation: You are resistant to hostile enchantments. (MR+) [potion of mutation]
  4093 | D:5      | Reached skill level 1 in Shields
  4398 | D:5      | Reached XP level 7. HP: 49/55 MP: 3/10
  4705 | D:4      | Found Homunueg's Antique Weapon Shop.
  4872 | D:4      | Noticed Edmund
  4881 | D:4      | Bought a broad axe for 84 gold pieces
  4893 | D:4      | Killed Edmund
  5058 | D:4      | Reached skill level 5 in Fighting
  5351 | D:5      | Found a shadowy altar of Dithmenos.
  5599 | D:6      | Found a shimmering altar of Xom.
  5675 | D:6      | Reached XP level 8. HP: 59/62 MP: 11/11
  5726 | D:6      | Reached skill level 5 in Dodging
  5945 | D:6      | Noticed Blork the orc
  5971 | D:6      | Reached skill level 5 in Armour
  6013 | D:6      | Noticed Eustachio
  6101 | D:6      | Killed Eustachio
  6101 | D:6      | Reached skill level 5 in Axes
  6663 | D:6      | Found a staircase to the Ecumenical Temple.
  6673 | Temple   | Entered the Ecumenical Temple
  6775 | Temple   | Became a worshipper of Cheibriados the Contemplative
  6825 | D:6      | Reached skill level 5 in Shields
  7018 | D:6      | Reached skill level 1 in Invocations
  7121 | D:6      | Reached XP level 9. HP: 69/69 MP: 4/12
  7362 | D:6      | Found a basalt altar of Yredelemnul.
  7553 | D:7      | Noticed Menkaure
  7914 | D:7      | Reached * piety under Cheibriados
  8401 | D:7      | Killed Menkaure
  8401 | D:7      | Killed from afar by Menkaure

Vault maps used:
D:1:      nagdon_arrival_double_spiral
D:2:      marbit_many_paths, first_ration
D:3:      lemuel_coloured_pillars_altar, uniq_jessica
D:4:      serial_shops, nicolae_shop_trees, uniq_edmund
D:5:      overflow_temple_1_default
D:6:      nicolae_overflow_crystal_walls, lemuel_doored_altar,
          minmay_temple_entry_junction, nrook_loot_triangle, uniq_blork_the_orc,
          uniq_eustachio
D:7:      kennysheep_generic_room_5, uniq_menkaure
Temple:   lightli_temple_of_artemis

Skill      XL: |  1  2  3  4  5  6  7  8  9 |
---------------+----------------------------+-----
Fighting       | 3 4 5 6 |  6.8
Armour         | 2 3 4 5 6 |  6.5
Dodging        | 3 4 5 6 |  6.2
Axes           | 3 4 5 6 |  6.0
Shields        | 2 3 5 6 |  6.7
Invocations    | 1 2 |  2.3
Spellcasting   | |  2.1
Charms         | |  3.2

Action                   |  1- 3 |  4- 6 |  7- 9 || total
-------------------------+-------+-------+-------++-------
Melee: Hand axe          |    82 |   219 |       ||   301
       War axe           |       |    61 |    15 ||    76
       Broad axe         |       |       |   298 ||   298
Throw: Tomahawk          |       |       |     9 ||     9
 Cast: Infusion          |     9 |    18 |    19 ||    46
 Abil: Hop               |       |     2 |     6 ||     8
Evoke: Wand              |       |       |    16 ||    16
  Use: Potion            |       |     3 |     7 ||    10
       Scroll            |       |       |    14 ||    14
  Eat: Chunk             |     1 |     9 |    10 ||    20
       Ration            |       |     1 |     1 ||     2
Armor: Leather armour    |    22 |    59 |       ||    81
       Ring mail         |       |    25 |   125 ||   150
       Skin              |       |       |     8 ||     8
Dodge: Dodged            |    55 |   205 |   234 ||   494
Block: Buckler           |       |    11 |    93 ||   104

Table legend:
 A = Spawn XP
 B = Non-spawn XP
 C = Spawn XP percentage of total XP
 D = Spawn monster count
 E = Non-spawn monster count
 F = Spawn count percentage of total count
 G = Total turns spent on level
                    A         B        C        D         E        F      G
               +---------+---------+-------+---------+---------+-------+---------
         Total |       0 |    3720 |   0.0 |       0 |     171 |   0.0 |  8401
               +---------+---------+-------+---------+---------+-------+---------
           D:1 |       0 |      27 |   0.0 |       0 |      16 |   0.0 |   660
           D:2 |       0 |     149 |   0.0 |       0 |      37 |   0.0 |  1986
           D:3 |       0 |     173 |   0.0 |       0 |      26 |   0.0 |  1213
           D:4 |       0 |     245 |   0.0 |       0 |      15 |   0.0 |   805
           D:5 |       0 |     575 |   0.0 |       0 |      23 |   0.0 |  1425
           D:6 |       0 |    1298 |   0.0 |       0 |      26 |   0.0 |  1507
           D:7 |       0 |    1253 |   0.0 |       0 |      28 |   0.0 |   664
               +---------+---------+-------+---------+---------+-------+---------
